 Dungeon Crawl Stone Soup version 0.31.0-11-ge490571c62 (webtiles) character file.

Game seed: 406820601106151655

1549 shadizar the Trooper (level 8, 0/53 HPs)
             Began as a Gargoyle Fighter on Feb 4, 2024.
             Was an Initiate of Okawaru.
             Slain by an orc warrior
             ... wielding a +0 dire flail
              (16 damage)
             ... on level 6 of the Dungeon.
             The game lasted 00:06:22 (5333 turns).

shadizar the Trooper (Gargoyle Fighter)             Turns: 5333, Time: 00:06:22

Health: 0/53       AC: 17    Str: 22    XL:     8   Next: 87%
Magic:  8/8        EV:  9    Int:  9    God:    Okawaru [......]
Gold:   269        SH:  5    Dex:  9    Spells: 7/7 levels left

rFire   . . .        m - +2 whip (elec)
rCold   + . .        c - +0 buckler
rNeg    + . .        q - +0 chain mail
rPois   ∞            o - +0 helmet
rElec   +            (no cloak)
rCorr   .            (no gloves)
SInv    .            (no boots)
Will    .....        (no amulet) Stlth
                     r - ring of protection from cold
HPRegen 0.28/turn    (no ring)
MPRegen 0.11/turn

%: no passive effects
@: mighty
A: sickness immunity, AC +5, negative energy resistance 1, electricity
resistance, torment resistance 1, petrification resistance
a: Renounce Religion


You were on level 6 of the Dungeon.
You worshipped Okawaru.
Okawaru was noncommittal.
You visited 2 branches of the dungeon, and saw 7 of its levels.

You collected 269 gold pieces.

Inventory:

Hand Weapons
 a - a +0 flail
 m - a +2 whip of electrocution (weapon)
 u - a +3 falchion
 E - a +0 morningstar
Armour
 c - a +0 buckler (worn)
 n - the +0 chain mail of the Hairy God {rElec rC+ Str-5 Int+2 Dex+4}
   (You took it off a kobold on level 3 of the Dungeon)

   Str-5:     It affects your strength (-5).
   Int+2:     It affects your intelligence (+2).
   Dex+4:     It affects your dexterity (+4).
   rC+:       It protects you from cold.
   rElec:     It insulates you from electricity.
 o - a +0 helmet (worn)
 q - a +0 chain mail (worn)
 D - a +0 cloak
Jewellery
 r - a ring of protection from cold (left hand)
Wands
 j - a wand of digging (9)
 s - a wand of acid (9)
 t - a wand of mindburst (12)
 y - a wand of roots (10)
Scrolls
 e - a scroll of immolation {unknown}
 g - 4 scrolls of identify {unknown}
 k - 2 scrolls of teleportation {unknown}
 w - a scroll of fog {unknown}
 x - a scroll of poison {unknown}
 A - a scroll of enchant weapon {unknown}
 B - a scroll of brand weapon {unknown}
 C - a scroll of silence {unknown}
 F - a scroll of enchant armour {unknown}
Potions
 b - a potion of resistance {unknown}
 f - 3 potions of curing {unknown}
 h - a potion of lignification {unknown}
 i - a potion of haste {unknown}
 l - a potion of heal wounds {unknown}
 p - a potion of brilliance {unknown}
 v - a potion of attraction {unknown}
 z - a potion of degeneration {unknown}


   Skills:
 * Level 7.5 Fighting
 + Level 4.9 Maces & Flails
 + Level 5.9 Armour
 + Level 3.1 Dodging
 + Level 5.9 Shields


You had 7 spell levels left.
You didn't know any spells.
Your spell library contained the following spells:

 Spells                   Type           Power      Damage    Failure   Level
 Apportation              Tloc           0%         N/A       96%         1
 Necrotise                Necr           0%         1d4       96%         1
 Sting                    Conj/Alch      0%         1d3       96%         1
 Blink                    Tloc           0%         N/A       99%         2
 Lesser Beckoning         Tloc           0%         N/A       99%         2
 Momentum Strike          Conj/Tloc      0%         3d8       99%         2
 Summon Small Mammal      Summ           Unusable   N/A       N/A         1

Dungeon Overview and Level Annotations

Branches:
Dungeon (6/15)             Temple (1/1) D:5

Altars:
Ashenzari
Cheibriados
Dithmenos
Elyvilon
Hepliaklqana
Kikubaaqudgha
Makhleb
Nemelex Xobeh
Okawaru
Qazlal
Trog
Uskayaw
Vehumet
Wu Jian
Xom
Yredelemnul
Zin
The Shining One

Shops:
D:3 (   D:6 [*(?

Annotations:
D:5 1 runed translucent door, Crazy Yiuf


Innate Abilities, Weirdness & Mutations

You are immune to sickness and miasma.
Your stone body is resilient. (AC +5)
You are immune to poison.
You resist negative energy. (rN+)
You are resistant to electric shocks. (rElec)
You are resistant to unholy torment.
You are immune to petrification.


Message History

The orc wizard hits you but does no damage.
You hit the orc wizard but do no damage.
The orc wizard is moderately wounded.
You barely miss the orc wizard.
The orc wizard is moderately wounded.
An orc warrior comes into view. It is wielding a +0 dire flail.
The orc wizard closely misses you.
You barely miss the orc wizard.
The orc wizard is moderately wounded.
You hit the orc warrior but do no damage.
You closely miss the orc warrior.
The orc warrior hits you but does no damage.
You hit the orc warrior but do no damage.
The orc warrior hits you with a +0 dire flail!
You barely miss the orc warrior.
You hit the orc warrior but do no damage.
Lightning courses through the orc warrior!
The orc warrior is severely wounded.
The orc warrior hits you but does no damage.
You hit the orc warrior.
The orc warrior is severely wounded.
The orc warrior hits you with a +0 dire flail!
You closely miss the orc warrior.
The orc warrior is severely wounded.
The orc warrior hits you with a +0 dire flail!
You hit the orc warrior but do no damage.
The orc warrior is severely wounded.
The orc warrior hits you but does no damage.
You hit the orc warrior but do no damage.
The orc warrior is severely wounded.
You block the orc warrior's attack.
You hit the orc warrior but do no damage.
The orc warrior is severely wounded.
The orc warrior hits you with a +0 dire flail!
The orc wizard mumbles some strange words.
The orc wizard flickers and vanishes!
Deactivating autopickup; reactivate with Ctrl-A.
You feel very mighty all of a sudden.
The orc warrior hits you with a +0 dire flail!
You die...

#### .{# #o# #.#######@##########
#...........#....... ###
#.#.#####.....#.......##..
###.#.#####.....#........#.#
#...#.....#.....#........#.#
#...#####.#.....#........#.#
#...#...........##.#.....#.#
#...#.###.##....##.#.....#.###
####...#.#<#.###.####.#.#.#......


You could see an orc warrior.

Vanquished Creatures
  Sigmund (D:3)
  An ice beast (D:6)
  4 ogres (D:5)
  Blork the orc (D:6)
  2 scorpions
  A wight (D:6)
  A howler monkey (D:6)
  4 hounds
  A jelly (D:6)
  2 orc priests
  4 sleepcaps
  2 iguanas (D:4)
  An orc wizard (D:3)
  3 adders
  16 gnolls
  A shadow imp (D:4)
  An ufetubus (D:6)
  5 dart slugs
  5 ribbon worms
  9 orcs
  5 ball pythons
  4 endoplasms
  4 giant cockroaches
  8 goblins
  8 hobgoblins
  6 jackals
  5 kobolds
  2 quokkas (D:3)
  4 bats
  10 frilled lizards
  7 rats
128 creatures vanquished.

Notes
Turn   | Place    | Note
-------+----------+-------------------------------------------
     0 | D:1      | shadizar the Gargoyle Fighter began the quest for the Orb.
     0 | D:1      | Reached XP level 1. HP: 14/14 MP: 1/1
    23 | D:1      | Reached XP level 2. HP: 15/19 MP: 2/2
   198 | D:1      | Reached XP level 3. HP: 19/23 MP: 3/3
   670 | D:2      | Reached XP level 4. HP: 20/29 MP: 4/4
  1186 | D:3      | Reached skill level 4 in Fighting
  1208 | D:3      | Noticed Sigmund
  1405 | D:3      | Reached XP level 5. HP: 28/34 MP: 5/5
  1524 | D:3      | Identified the +0 chain mail of the Hairy God {rElec rC+
                  | Str-5 Int+2 Dex+4}
  1535 | D:3      | Reached skill level 1 in Dodging
  1658 | D:3      | Found a faded altar of an unknown god.
  1736 | D:3      | Killed Sigmund
  1737 | D:3      | Reached skill level 5 in Fighting
  1737 | D:3      | Reached XP level 6. HP: 37/40 MP: 6/6
  1803 | D:3      | Found Ypneqid's Weapon Boutique.
  1947 | D:3      | Found a hide-covered altar of Uskayaw.
  2575 | D:4      | Reached XP level 7. HP: 22/44 MP: 7/7
  2946 | D:4      | Found a radiant altar of Vehumet.
  3247 | D:5      | Entered Level 5 of the Dungeon
  3266 | D:5      | Reached skill level 6 in Fighting
  3266 | D:5      | Reached skill level 5 in Armour
  3266 | D:5      | Reached skill level 5 in Shields
  3379 | D:5      | Reached XP level 8. HP: 23/52 MP: 8/8
  3592 | D:5      | Found a staircase to the Ecumenical Temple.
  3606 | Temple   | Entered the Ecumenical Temple
  3619 | Temple   | Became a worshipper of Warmaster Okawaru
  3784 | D:5      | Found a runed translucent door.
  3785 | D:5      | Noticed Crazy Yiuf
  3952 | D:5      | Found a broken altar of Ashenzari.
  4695 | D:6      | Found Cigoepp's Magic Scroll Shop.
  4729 | D:6      | Found Muwn's General Store.
  4744 | D:6      | Found Lyttorycke's Weapon Emporium.
  4815 | D:6      | Reached skill level 7 in Fighting
  5054 | D:6      | Noticed Blork the orc
  5062 | D:6      | Killed Blork the orc
  5286 | D:6      | Found Haapreurgh's Antique Armour Shop.
  5333 | D:6      | Slain by an orc warrior

Illustrated notes

Levels and vault maps discovered:
D:1:      mrwooster_arrival_statue, layout_basic, nrook_campfire,
          hangedman_abyss_or_decor_stabs
D:2:      layout_loops_ring
D:3:      layout_loops_ring, nicolae_uskayaw_suspiria, serial_shops, shop,
          dreamdust_ecumenical_altar_grove, grunt_ministairs_11,
          lightli_corner_chamber, uniq_sigmund
D:4:      layout_loops_corners, marbit_many_paths, kennysheep_generic_room_4
D:5:      layout_loops_cross, mainiacjoe_overflow_alcove_2,
          minmay_temple_entry_glass, uniq_crazy_yiuf_cottage
D:6:      minmay_diamond_boxcup, layout_basic, serial_shops,
          nicolae_shop_temple_entry_statues_fountains, shop,
          nicolae_shop_peninsula, nicolae_shop_tiny_statue_garden,
          interstate_on_off, hex_large, uniq_blork_the_orc
Temple:   bh_familiar_temple

Skill      XL: |  1  2  3  4  5  6  7  8 |
---------------+-------------------------+-----
Fighting       | 4 5 6 7 |  7.5
Shields        | 4 5 |  5.9
Armour         | 4 5 |  5.9
Maces & Flails | 3 4 |  4.9
Dodging        | 1 2 3 |  3.1

Action                     |  1- 3 |  4- 6 |  7- 9 || total
---------------------------+-------+-------+-------++-------
  Melee: Flail             |   112 |    74 |       ||   186
         Whip              |       |   137 |   185 ||   322
    Use: Potion            |       |     1 |     1 ||     2
 Armour: Scale mail        |    97 |   117 |       ||   214
         Chain mail        |       |    28 |   109 ||   137
  Dodge: Dodged            |    78 |    84 |    59 ||   221
  Block: Buckler           |    26 |    42 |    31 ||    99
